 Dungeon Crawl Stone Soup version 0.23-a0-448-g1c01f63 (webtiles) character file.

162 Cryolive the Digger (level 5, 0/30 HPs)
             Began as a Gargoyle Earth Elementalist on Nov 19, 2018.
             Slain by a jackal (2 damage)
             ... on level 3 of the Dungeon.
             The game lasted 00:06:07 (2420 turns).

Cryolive the Digger (Gargoyle Earth Elementalist)   Turns: 2420, Time: 00:06:08

Health: 0/30       AC:  6    Str: 12    XL:     5   Next: 43%
Magic:  8/9        EV: 12    Int: 16    God:
Gold:   186        SH:  0    Dex: 10    Spells: 5/9 levels left

rFire    . . .     SeeInvis .   a - +0 flail
rCold    . . .     Gourm    .   (no shield)
rNeg     + . .     Faith    .   c - +0 robe
rPois    ∞         Spirit   .   (no helmet)
rElec    +         Reflect  .   (no cloak)
rCorr    .         Harm     .   (no gloves)
MR       .....                  (no boots)
Stlth    ++........             (no amulet)
HPRegen  0.10/turn              (no ring)
MPRegen  0.11/turn              (no ring)

@: no status effects
A: negative energy resistance 1, electricity resistance, unbreathing,
petrification resistance, rot immunity, AC +4
a: no special abilities


You were on level 3 of the Dungeon.
You were not hungry.

You visited 1 branch of the dungeon, and saw 3 of its levels.

You collected 186 gold pieces.

Inventory:

Hand Weapons
 a - a +0 flail (weapon)
Missiles
 b - 113 stones (quivered)
Armour
 c - a +0 robe (worn)
Wands
 q - a wand of digging (3)
 r - a wand of scattershot (5)
Scrolls
 f - a scroll of fear {unknown}
 h - a scroll of magic mapping {unknown}
 i - 2 scrolls of fog {unknown}
 j - 4 scrolls of identify {unknown}
 m - a scroll of random uselessness {unknown}
 o - a scroll of enchant weapon {unknown}
 s - a scroll of enchant armour {unknown}
Potions
 e - 2 potions of cancellation {unknown}
 g - 2 potions of mutation {unknown}
 k - a potion of magic {unknown}
 l - a potion of brilliance {unknown}
 p - a potion of berserk rage {unknown}
Comestibles
 d - 6 rations
 n - 2 chunks of flesh


   Skills:
 + Level 2.0 Fighting
 + Level 2.0 Armour
 + Level 2.2 Dodging
 - Level 2.1 Stealth
 + Level 2.7 Spellcasting
 + Level 1.7 Conjurations
   Level 0.7 Transmutations
 + Level 4.4 Earth Magic
 + Level 0.1 Evocations


You had 5 spell levels left.
You knew the following spells:

 Your Spells              Type           Power        Failure   Level  Hunger
a - Sandblast             Erth           ###...       3%          1    #......
b - Stone Arrow           Conj/Erth      ##....       17%         3    ###....

Your spell library contained the following spells:

 Spells                   Type           Power        Failure   Level  Hunger
 Passwall                 Tmut/Erth      ##......     11%         2    ##.....
 Petrify                  Tmut/Erth      ##......     56%         4    #####..
 Lee's Rapid Deconstruct  Erth           ###.......   65%         5    ######.


Dungeon Overview and Level Annotations

Branches:
Dungeon (3/15)

Altars:
Makhleb
The Shining One

Annotations:
D:3 Sigmund


Innate Abilities, Weirdness & Mutations

You are resistant to torment.
Your stone body is resilient. (AC +4)
You are immune to poison.
You resist negative energy. (rN+)
You are resistant to electric shocks. (rElec)
You can survive without breathing.
You are immune to petrification.
You are immune to rotting.


Message History

The jackal bites you but does no damage.
The jackal closely misses you.
You hit the jackal.
The jackal is severely wounded.
The jackal barely misses you. The jackal bites you.
* * * LOW HITPOINT WARNING * * *
The jackal bites you.
* * * LOW HITPOINT WARNING * * *
The jackal barely misses you.
Casting: Sandblast (safe; 3% risk of failure)
Confirm with . or Enter, or press ? or * to list all spells.
Aiming: Sandblast (safe; 3% risk of failure)
Press: ? - help, Shift-Dir - straight line, f - jackal
Aim: a jackal (severely wounded)
The blast of sand hits the jackal.
You kill the jackal!
b - 113 stones The jackal bites you but does no damage.
The jackal bites you.
You die...

#################.#
...........#...........
...........#.......... .
...........#.......$....#
....!......#............# ###
....................(...# ##_#
...............##.#.....#..##..##
...............##.......#..#.#.).
...............h@..........#..#..
######.#..#..?.##h......#..##..#.
#..................#..###..#
#####.$............####.##.#..
.............##....## #.#...#.
.............##....#####.#.#...
.........#...............##.#.#
.............##....#####.###.##
..........>...+..............)#


You could see 2 jackals.

Vanquished Creatures
  A centaur skeleton (D:2)
  A gnoll (D:1)
  5 adders
  An ooze (D:3)
  A worm (D:2)
  2 dart slugs
  A leopard gecko (D:3)
  2 orcs (D:3)
  2 ball pythons
  8 giant cockroaches
  5 goblins
  7 hobgoblins
  2 jackals (D:3)
  7 kobolds
  A quokka (D:3)
  7 bats
  4 frilled lizards
  6 rats
63 creatures vanquished.

Notes
Turn   | Place    | Note
-------+----------+-------------------------------------------
     0 | D:1      | Cryolive the Gargoyle Earth Elementalist began the quest
                  | for the Orb.
     0 | D:1      | Reached XP level 1. HP: 10/10 MP: 3/3
    13 | D:1      | Reached XP level 2. HP: 16/16 MP: 0/5
   371 | D:1      | Reached skill level 1 in Fighting
   371 | D:1      | Reached skill level 1 in Armour
   518 | D:1      | Reached XP level 3. HP: 20/20 MP: 6/6
   523 | D:1      | Learned a level 3 spell: Stone Arrow
   557 | D:1      | Found a glowing golden altar of the Shining One.
   664 | D:1      | Reached skill level 4 in Earth Magic
   924 | D:2      | Found a faded altar of an unknown god.
  1042 | D:2      | Reached XP level 4. HP: 6/25 MP: 3/7
  1353 | D:2      | Reached skill level 1 in Conjurations
  1810 | D:3      | Reached XP level 5. HP: 13/30 MP: 3/8
  2229 | D:3      | Noticed Sigmund
  2304 | D:3      | Found a burning altar of Makhleb.
  2420 | D:3      | Slain by a jackal

Vault maps used:
D:1:      lightli_iron_boxes, tso_altar
D:2:      chequers_ecumenical_altar_twisty, hangedman_decor_opposing
D:3:      marbit_many_paths, roderic_roman_lattice, uniq_crazy_yiuf_cottage,
          uniq_sigmund

Skill      XL: |  1  2  3  4  5 |
---------------+----------------+-----
Fighting       | 1 2 |  2.0
Armour         | 1 2 |  2.0
Earth Magic    | 4 |  4.4
Dodging        | 2 |  2.2
Conjurations   | 1 |  1.7
Stealth        | |  2.1
Spellcasting   | |  2.7
Transmutations | |  0.7
Evocations     | |  0.1

Action                   |  1- 3 |  4- 6 || total
-------------------------+-------+-------++-------
Melee: Flail             |    86 |   143 ||   229
 Cast: Sandblast         |     4 |    10 ||    14
 Stab: Sleeping          |       |     3 ||     3
  Eat: Chunk             |     1 |     4 ||     5
Armor: Robe              |    40 |    92 ||   132
Dodge: Dodged            |    82 |   201 ||   283

Table legend:
 A = Non-vault XP
 B = Vault XP
 C = Vault XP percentage of total XP
 D = Non-vault monster count
 E = Vault monster count
 F = Vault count percentage of total count
                 A         B        C        D         E       F
            +---------+---------+-------+---------+---------+-------
      Total |     225 |       7 |   3.0 |      62 |       1 |   1.6
            +---------+---------+-------+---------+---------+-------
        D:1 |      45 |       0 |   0.0 |      17 |       0 |   0.0
        D:2 |     111 |       0 |   0.0 |      21 |       0 |   0.0
        D:3 |      69 |       7 |   9.2 |      24 |       1 |   4.0
            +---------+---------+-------+---------+---------+-------
